 Dungeon Crawl Stone Soup version 0.19-a0-1850-g63fd1ff (webtiles) character file.

1943 Flanowski the Spear-Bearer (level 9, -5/86 HPs)
             Began as a Naga Fighter on Oct 10, 2016.
             Was an Initiate of Makhleb.
             Slain by an orc priest
             ... wielding a +1 falchion of distortion
              (18 damage)
             ... on level 6 of the Dungeon.
             The game lasted 00:12:29 (6282 turns).

Flanowski the Spear-Bearer (Naga Fighter)           Turns: 6282, Time: 00:12:30

Health: -5/86      AC: 11    Str: 22    XL:     9   Next: 18%
Magic:  18/18      EV:  9    Int:  9    God:    Makhleb [......]
Gold:   317        SH:  0    Dex: 10    Spells: 0 memorised, 8 levels left

rFire  . . .     SeeInvis +     n - +1 scythe (flame)
rCold  . . .     Gourm    .     b - +1 scale mail
rNeg   . . .     Faith    .     (shield currently unavailable)
rPois  +         Spirit   .     l - +0 helmet
rElec  .         Dismiss  .     (no cloak)
rCorr  .         Reflect  .     G - +2 pair of gloves
MR     +....     Harm     .     (no barding)
Stlth  ..........               (no amulet)
                                F - ring of magical power
                                e - +2 ring of evasion

@: short of breath, very slow
A: see invisible, deformed body, poison resistance, slowness 2, slow metabolism
1, spit poison 1, AC +3
a: Spit Poison, Renounce Religion


You were on level 6 of the Dungeon.
You worshipped Makhleb.
Makhleb was noncommittal.
You were hungry.

You visited 2 branches of the dungeon, and saw 8 of its levels.

You collected 317 gold pieces.

Inventory:

Hand Weapons
 n - a +1 scythe of flaming (weapon)
Armour
 b - a +1 scale mail (worn)
 l - a +0 helmet (worn)
 G - a +2 pair of gloves (worn)
Jewellery
 e - a +2 ring of evasion (left hand)
 F - a ring of magical power (right hand)
 K - an uncursed ring of positive energy {unknown}
Wands
 p - a wand of flame (21/48)
 q - a wand of flame (2/48)
 x - a wand of flame (16/48)
 H - a wand of lightning (9/15)
 J - a wand of confusion (16/48)
Scrolls
 m - 9 scrolls of identify
 s - 2 scrolls of amnesia
 v - 2 scrolls of magic mapping
 y - a scroll of noise
 I - 3 scrolls of remove curse
Potions
 d - a potion of might
 j - a potion of degeneration {unknown}
 k - 6 potions of curing {unknown}
 o - 2 potions of ambrosia {unknown}
 t - 2 potions of agility {unknown}
 u - 3 potions of lignification {unknown}
 z - a potion of cure mutation {unknown}
 A - a potion of resistance {unknown}
 B - 3 potions of haste {unknown}
 C - a potion of flight {unknown}
Books
 D - a book of Necromancy

   Spells                             Type                      Level
   a - Pain                           Necromancy                   1
   b - Animate Skeleton               Necromancy                   1
   c - Vampiric Draining              Necromancy                   3
   d - Regeneration                   Charms/Necromancy            3
   e - Animate Dead                   Necromancy                   4
   f - Control Undead                 Necromancy                   4
Comestibles
 a - 2 royal jellies
 f - 7 bread rations
 g - a slice of pizza
 h - a meat ration
 i - 12 fruits
 E - a beef jerky


   Skills:
 + Level 7.0 Fighting
 + Level 10.0 Polearms
 - Level 2.4 Armour
   Level 2.4 Shields


You had 8 spell levels left.
You didn't know any spells.

Dungeon Overview and Level Annotations

Branches:
Dungeon (7/15)             Temple (1/1) D:6

Altars:
Ashenzari
Makhleb
Ru
Sif Muna
Uskayaw
Vehumet
Yredelemnul


Innate Abilities, Weirdness & Mutations

You cannot wear boots.
Your serpentine skin is tough. (AC +3)
You have supernaturally acute eyesight. (SInv)
Armour fits poorly on your strangely shaped body.
Your system is resistant to poisons. (rPois)
You cover ground very slowly.
You have a slow metabolism.
You can spit poison.


Message History

An orc priest comes into view.
It is wielding a falchion of distortion.
The orc priest shouts!
You start resting.
An orc comes into view.
The orc shouts!
The orc priest hits you but does no damage.
Space bends around you.
You completely miss the orc priest.
The orc priest invokes the aid of Beogh against you.
Beogh smites you!
* * * LOW HITPOINT WARNING * * *
You are too injured to fight recklessly!
Press: ? - help, Shift-Dir - straight line, f - orc priest
Aim: an orc priest, wielding a falchion of distortion The splash of poison misses the orc priest.
You feel slightly more hungry.
The orc priest hits you with a falchion of distortion.
* * * LOW HITPOINT WARNING * * *
Space warps horribly around you!
You die...

#.#####..#...............
#..........##.##.##.#....
#..####..#.##.##.##.###..
#..####...#...##.##.# #..
#........###.....##>#####
##...###..#.######...#
#..<# #.#..######..#####
#...# #>o..o......##....
##.## #@##.#####..##.###
#.# #.##.# #..##.# #.#
#.##.# #..##.# #.# #.##.#
#..##.### #.# #.##.#
#..##.#.. #.# #.##.#
#[.##.#.# #.####.##.#
#..##.#.#
#.<....##.#####.......#
######.........<....###


You could see an orc priest and an orc.

Vanquished Creatures
  A hippogriff (D:7)
  Sigmund (D:2)
  Eustachio (D:6)
  A sky beast (D:5)
  A phantom (D:6)
  2 ogres (D:5)
  An ice beast (D:6)
  2 crimson imps (D:6)
  A hound (D:4)
  6 orc priests
  A jelly (D:6)
  Natasha (thrice) (D:2)
  A centaur skeleton (D:7)
  3 worker ants
  3 iguanas
  7 orc wizards
  A hound skeleton (D:6)
  A worker ant zombie (D:5)
  A howler monkey skeleton (D:4)
  9 adders
  An adder skeleton (D:4)
  5 worms
  A dart slug (D:1)
  9 leopard geckos
  19 orcs
  A bat (D:2)
  9 giant cockroaches
  7 hobgoblins
  13 jackals
  2 quokkas
  3 ball pythons
  7 frilled lizards
  10 goblins
  7 kobolds
  A leopard gecko zombie (D:5)
  10 rats
152 creatures vanquished.

Notes
Turn   | Place    | Note
-------+----------+-------------------------------------------
     0 | D:1      | Flanowski the Naga Fighter began the quest for the Orb.
     0 | D:1      | Reached XP level 1. HP: 21/21 MP: 1/1
    89 | D:1      | Reached XP level 2. HP: 17/28 MP: 2/2
   357 | D:1      | Reached XP level 3. HP: 19/36 MP: 3/3
  1125 | D:2      | Reached skill level 3 in Polearms
  1173 | D:2      | Noticed Sigmund
  1185 | D:2      | Killed Sigmund
  1185 | D:2      | Reached skill level 4 in Polearms
  1185 | D:2      | Reached XP level 4. HP: 6/45 MP: 4/4
  1185 | D:2      | Reached XP level 5. HP: 7/51 MP: 5/5
  1623 | D:2      | Noticed Natasha
  1630 | D:2      | Killed Natasha
  1630 | D:2      | Reached XP level 6. HP: 34/58 MP: 6/6
  1743 | D:2      | Noticed Natasha
  1750 | D:2      | Killed Natasha
  1750 | D:2      | Reached skill level 5 in Polearms
  1766 | D:2      | Noticed Natasha
  1871 | D:2      | Killed Natasha
  1898 | D:2      | Found a basalt altar of Yredelemnul.
  2535 | D:3      | Reached skill level 5 in Fighting
  3047 | D:3      | Reached skill level 6 in Polearms
  3052 | D:3      | Reached XP level 7. HP: 38/67 MP: 7/7
  4032 | D:5      | Entered Level 5 of the Dungeon
  4056 | D:5      | Found a shattered altar of Ashenzari.
  4085 | D:5      | Found a radiant altar of Vehumet.
  4228 | D:5      | Reached skill level 7 in Polearms
  4468 | D:5      | Reached XP level 8. HP: 19/76 MP: 8/8
  4855 | D:5      | Reached skill level 8 in Polearms
  5095 | D:6      | Found a staircase to the Ecumenical Temple.
  5145 | Temple   | Entered the Ecumenical Temple
  5250 | Temple   | Became a worshipper of Makhleb the Destroyer
  5310 | D:6      | Reached skill level 9 in Polearms
  5311 | D:6      | Noticed Eustachio
  5417 | D:6      | Killed Eustachio
  5644 | D:6      | Reached XP level 9. HP: 69/85 MP: 9/9
  5976 | D:7      | Reached skill level 10 in Polearms
  6282 | D:6      | Slain by an orc priest

Vault maps used:
D:1:      minmay_arrival_diagonal_passages
D:2:      nicolae_overflow_crystal_walls, uniq_natasha, uniq_sigmund
D:3:      first_bread, kennysheep_generic_room_5
D:4:      corexii_shack_village
D:5:      vehumet_altar_wand_db, cheibrodos_ashenzari_chains
D:6:      uniq_eustachio
D:7:      nicolae_overflow_hidden_temple, st_stairs_13, the_bakery,
          guppyfry_shop_venom
Temple:   minmay_temple_curvy_branch

Skill      XL: |  1  2  3  4  5  6  7  8  9 |
---------------+----------------------------+-----
Polearms       | 4 6 7 9 10 | 10.0
Fighting       | 4 5 6 7 |  7.0
Armour         | |  2.4
Shields        | |  2.4

Action                   |  1- 3 |  4- 6 |  7- 9 || total
-------------------------+-------+-------+-------++-------
Melee: Trident           |   126 |       |       ||   126
       Scythe            |       |   163 |   292 ||   455
 Abil: Spit Poison       |     4 |     3 |     9 ||    16
Evoke: Wand              |       |     1 |    11 ||    12
  Use: Scroll            |       |     3 |     6 ||     9
       Potion            |       |       |     1 ||     1
  Eat: Chunk             |       |     6 |     9 ||    15
Armor: Scale mail        |    45 |   130 |   227 ||   402
Dodge: Dodged            |    38 |   139 |   184 ||   361
Block: Shield            |    55 |       |       ||    55
